 Dungeon Crawl Stone Soup version 0.22-a0-126-g307c7c3 (webtiles) character file.

162 sankara the Sneak (level 5, 0/39 HPs)
             Began as a Vampire Berserker on Jan 30, 2018.
             Was a Believer of Trog.
             Killed from afar by an orc wizard (7 damage)
             ... with a puff of frost
             ... on level 3 of the Dungeon.
             The game lasted 00:33:01 (3544 turns).

sankara the Sneak (Vampire Berserker)               Turns: 3544, Time: 00:33:02

Health: 0/39       AC:  2    Str: 16    XL:     5   Next: 19%
Magic:  5/5        EV: 12    Int: 10    God:    Trog [**....]
Gold:   122        SH:  0    Dex: 14    Spells: 4/4 levels left

rFire    . . .     SeeInvis +   a - +1 falchion
rCold    . . .     Gourm    .   (no shield)
rNeg     + . .     Faith    .   g - +0 animal skin
rPois    .         Spirit   .   (no helmet)
rElec    .         Reflect  .   (no cloak)
rCorr    .         Harm     .   (no gloves)
MR       ++...                  (no boots)
Stlth    +++.......             (no amulet)
HPRegen  1.13/turn              (no ring)
MPRegen  0.09/turn              (no ring)

@: regenerating
A: fangs 3, see invisible, unbreathing
a: Bat Form, Berserk, Trog's Hand, Burn Spellbooks, Renounce Religion


You were on level 3 of the Dungeon.
You worshipped Trog.
Trog was pleased with you.
You were not thirsty.

You visited 1 branch of the dungeon, and saw 3 of its levels.

You collected 122 gold pieces.

Inventory:

Hand Weapons
 a - a +1 falchion (weapon)
 b - a +0 dagger
 c - a +0 hunting sling
Missiles
 f - 70 stones (quivered)
 j - 22 sling bullets
 m - 8 javelins
Armour
 g - a +0 animal skin (worn)
Jewellery
 o - an uncursed ring of fire
Scrolls
 e - a scroll of remove curse
 q - a scroll of fear {unknown}
 r - a scroll of identify {unknown}
Potions
 d - 10 potions of blood
 k - 2 potions of haste {unknown}
 l - a potion of heal wounds {unknown}
 p - a potion of invisibility {unknown}
 s - a potion of mutation {unknown}


   Skills:
 - Level 2.6 Fighting
 - Level 4.0 Long Blades
 + Level 2.0 Throwing
 - Level 1.5 Armour
 + Level 2.2 Dodging
 * Level 5.1 Stealth


You had 4 spell levels left.
You didn't know any spells.

Dungeon Overview and Level Annotations

Branches:
Dungeon (3/15)

Altars:


Innate Abilities, Weirdness & Mutations

You have razor-sharp teeth.
You have supernaturally acute eyesight. (SInv)
You can survive without breathing.


Message History

The orc wizard is severely wounded.
The orc wizard hits you but does no damage.
The orc hits you from afar with a trident.
You closely miss the orc wizard.
The orc wizard is severely wounded.
The orc wizard casts a spell.
The orc wizard seems to speed up.
The orc completely misses you.
You closely miss the orc wizard.
The orc wizard is severely wounded.
You feel the effects of Trog's Hand fading.
The orc wizard hits you with a dagger. x2; The orc completely misses you.
You are too injured to fight recklessly!
You cannot raise a blood rage in your lifeless body.
Yummy - fresh blood!
The orc wizard hits you but does no damage.
The orc hits you from afar with a trident!
* * * LOW HITPOINT WARNING * * *
The orc wizard casts a spell at you. The puff of frost hits you!
You die...

**#.........########.##
*,....................##
#########*,*................#....
.....[oo#*,,*#............##..###
#######.#*,,*,#..........#.#...##
***.#,,,,*,##...%..##.#......
*,,o.,,,,,##.#....#.##.....##
*,*.##,,,,#.#.#..#.#.#....##
*,*.#*,,,,,#@##..##.#.....###
*.#.......oo##....##.........
#.##........#......#......###
#.##.#......#......#.......##
#####.##.#......##....##.....[..#
...............#.##..##.#........
.###.....#....#.#.#..#.#.#..รท....
..............##.#....#.##.......
.###.....#...#.##......##.#...>..


You could see an orc wizard and an orc.

Vanquished Creatures
  An orc wizard (D:3)
  4 gnolls (D:2)
  2 adders
  5 dart slugs
  2 leopard geckos (D:3)
  9 orcs (D:3)
  5 bats
  6 giant cockroaches
  5 goblins
  7 hobgoblins
  A quokka (D:3)
  4 kobolds
  3 rats
54 creatures vanquished.

Notes
Turn   | Place    | Note
-------+----------+-------------------------------------------
     0 | D:1      | sankara the Vampire Berserker began the quest for the Orb.
     0 | D:1      | Reached XP level 1. HP: 17/17 MP: 1/1
   106 | D:1      | Reached skill level 1 in Stealth
   176 | D:1      | You fall through a shaft!
   210 | D:1      | Reached XP level 2. HP: 14/23 MP: 2/2
   806 | D:1      | Reached skill level 2 in Stealth
   829 | D:1      | Reached skill level 1 in Throwing
  1492 | D:2      | Reached XP level 3. HP: 27/28 MP: 3/3
  1581 | D:2      | Reached skill level 3 in Stealth
  1584 | D:2      | Reached ** piety under Trog
  1585 | D:2      | Reached XP level 4. HP: 10/34 MP: 4/4
  2052 | D:2      | Reached skill level 4 in Stealth
  3233 | D:3      | Reached skill level 5 in Stealth
  3233 | D:3      | Reached XP level 5. HP: 21/39 MP: 5/5
  3544 | D:3      | Killed from afar by an orc wizard

Vault maps used:
D:1:      co_arrival_random_square_maze
D:3:      minmay_diamond_boxcup, first_ration, minmay_misc_feat_secret_circle

Skill      XL: |  1  2  3  4  5 |
---------------+----------------+-----
Stealth        | 1 2 3 5 |  5.1
Throwing       | 1 2 |  2.0
Long Blades    | 4 |  4.0
Fighting       | |  2.6
Armour         | |  1.5
Dodging        | |  2.2

Action                   |  1- 3 |  4- 6 || total
-------------------------+-------+-------++-------
Melee: Falchion          |    54 |    82 ||   136
       Bite              |     6 |    15 ||    21
       Dagger            |     2 |    10 ||    12
Throw: Stone             |     7 |       ||     7
Invok: Berserk           |     1 |     1 ||     2
       Trog's Hand       |       |     2 ||     2
  Use: Potion            |     2 |     7 ||     9
       Scroll            |     1 |     3 ||     4
 Stab: Sleeping          |     3 |     5 ||     8
Armor: Animal skin       |     6 |    13 ||    19
Dodge: Dodged            |    35 |    44 ||    79
       Rpst.: Falchion   |    11 |    11 ||    22

Table legend:
 A = Spawn XP
 B = Non-spawn XP
 C = Spawn XP percentage of total XP
 D = Spawn monster count
 E = Non-spawn monster count
 F = Spawn count percentage of total count
 G = Total turns spent on level
                    A         B        C        D         E        F      G
               +---------+---------+-------+---------+---------+-------+---------
         Total |       0 |     232 |   0.0 |       0 |      54 |   0.0 |  3544
               +---------+---------+-------+---------+---------+-------+---------
           D:1 |       0 |      38 |   0.0 |       0 |      17 |   0.0 |  1480
           D:2 |       0 |      86 |   0.0 |       0 |      15 |   0.0 |   923
           D:3 |       0 |     108 |   0.0 |       0 |      22 |   0.0 |  1141
               +---------+---------+-------+---------+---------+-------+---------
